Map: Prion Terraces

Players

Miszu - Winner!

  • Race: Terran Terran
  • League: Master

Zylcu

  • Race: Zerg Zerg
  • League: Master

VOD

Have the link to the VOD?

Description

Time

  • Played on: March 13, 2016, 1:41 p.m.
  • Length: 13:01
Show
View Real Time Build Order
Export as new Build Order

Miszu Terran - Winner!

Build Orders: MMM Bio 

Get SALT Encoding   

  12  0:00  SCV  
  13  0:12  SCV  
  14  0:17  Supply Depot  
  14  0:25  SCV  
  15  0:38  SCV  
  15  0:39  Barracks  
  16  0:43  Refinery  
  16  0:50  SCV  
  17  0:59  Barracks  
  17  1:02  SCV  
  18  1:14  SCV  
  19  1:19  Barracks  
  19  1:26  SCV  
  19  1:27  Reaper  
  21  1:40  Refinery  
  21  1:41  Supply Depot  
  21  1:46  Reaper  
  22  1:56  Orbital Command  
  22  2:02  Reaper  
  23  2:14  Supply Depot  
  23  2:15  Reaper  
  23  2:21  SCV  
  25  2:34  SCV  
  25  2:35  Reaper x2  
  28  2:46  SCV  
  28  2:48  Reaper  
  30  3:07  Reaper x2  
  32  3:20  Reaper  
  32  3:26  SCV  
  33  3:35  Command Center  
  33  3:39  Reaper x2  
  35  3:47  Command Center  
  35  3:52  Reaper  
  36  3:56  SCV  
  37  4:06  Supply Depot  
  37  4:11  Reaper  
  40  4:32  SCV  
  40  4:44  SCV  
  41  4:49  Barracks Reactor, Barracks Tech Lab  
  41  4:52  Factory, Barracks Tech Lab, Orbital Command  
  39  4:54  Barracks  
  39  4:55  Barracks  
  39  4:56  SCV  
  40  5:09  SCV  
  40  5:23  Marine x2  
  40  5:24  Stimpack  
  41  5:42  Marine x2  
  41  5:43  Marine x2  
  41  5:44  SCV  
  41  5:46  Orbital Command  
  46  5:50  Barracks Reactor x2  
  46  5:51  Starport  
  46  5:52  Factory Reactor  
  46  5:56  SCV x2  
  48  6:00  Marine x3  
  49  6:05  Marine  
  49  6:06  Combat Shields  
  49  6:08  SCV x2, Orbital Command  
  49  6:11  Refinery  
  52  6:12  Refinery  
  52  6:18  Marine x3  
  52  6:20  SCV x2  
  52  6:24  Supply Depot  
  57  6:30  Marine  
  57  6:31  Marine x3  
  57  6:32  SCV x2  
  62  6:37  Engineering Bay, Marine  
  62  6:38  Engineering Bay  
  62  6:39  Factory Tech Lab  
  63  6:40  Marine  
  63  6:42  Marine  
  63  6:43  Marine  
  63  6:45  Medivac  
  63  6:46  Medivac  
  70  6:48  Marine x2  
  70  6:49  Marine, SCV  
  74  7:00  Marine x2  
  74  7:01  Marine  
  76  7:03  Marine  
  76  7:04  Marine  
  76  7:06  Marine x2  
  76  7:07  Marine  
  81  7:12  SCV  
  81  7:13  SCV x2  
  84  7:18  Marine  
  85  7:24  Terran Infantry Weapons Level 1  
  85  7:25  Terran Infantry Armor Level 1  
  85  7:29  Supply Depot  
  85  7:30  Marine x3, Medivac, SCV x3  
  93  7:48  Supply Depot  
  93  7:51  Marine x6, SCV x2, Armory  
  101  8:09  Marine x3, Medivac, SCV x3  
  101  8:21  Marine, SCV x2  
  96  8:28  Marine x7  
  96  8:31  Medivac  
  96  8:32  Siege Tank  
  96  8:33  SCV  
  109  8:35  Supply Depot x2  
  109  8:51  Supply Depot  
  109  8:53  Supply Depot  
  109  8:55  Command Center  
  109  8:56  Supply Depot, Marine x6, Marauder, SCV x2  
  109  8:57  Marine, SCV  
  119  9:04  Supply Depot x2, Siege Tank  
  119  9:08  SCV x2  
  119  9:09  SCV  
  125  9:14  Marine x2, Marauder  
  127  9:18  Marine x3, Marauder  
  127  9:19  Marine  
  127  9:20  SCV x2  
  127  9:21  SCV  
  136  9:24  Terran Infantry Weapons Level 2  
  136  9:26  Terran Infantry Armor Level 2  
  136  9:29  Refinery x2  
  136  9:30  Supply Depot  
  134  9:31  Marine  
  134  9:32  Marine  
  134  9:36  Marine x3, Marauder  
  141  9:43  Marine  
  141  9:44  Siege Tank, Marauder  
  145  9:49  Marine  
  146  10:01  Marauder  
  148  10:09  Marine, Medivac, Marauder  
  148  10:10  Marine  
  148  10:12  Bunker, Marine  
  148  10:13  Marine x3  
  148  10:14  Refinery x2  
  158  10:18  Barracks, Orbital Command  
  158  10:19  Barracks  
  158  10:23  Marauder  
  158  10:26  Marine  
  158  10:27  Marine  
  162  10:30  Marauder, Marine, Siege Tank  
  162  10:31  Marine x3  
  170  10:44  Marine, Marauder  
  170  10:45  Marine  
  170  10:48  Marine x2  
  168  10:52  Marauder  
  168  10:56  Marine  
  168  10:57  Marine  
  171  11:02  Marine, Medivac  
  171  11:03  Marine  
  176  11:06  Marauder  
  178  11:13  Marauder  
  178  11:14  Supply Depot  
  180  11:19  Planetary Fortress  
  180  11:27  Marauder  
  180  11:29  Barracks Tech Lab  
  180  11:30  Barracks Tech Lab  
  180  11:32  Marine x3  
  184  11:35  Marauder  
  184  11:38  Marine  
  186  11:41  Siege Tank  
  186  11:42  Marine x2  
  186  11:44  Medivac x2  
  195  11:48  Marauder  
  195  11:49  Marine  
  195  11:50  Marine x2  
  199  11:55  Marine  
  198  12:10  Marauder  
  198  12:12  Marauder  
  200  12:20  Marine  
  200  12:32  Barracks  
  200  12:33  Barracks  
  200  12:34  Barracks x2  
  200  12:36  Barracks  
  200  12:39  Ghost Academy  
Show
View Real Time Build Order
Export as new Build Order

Zylcu Zerg 

Build Orders: Hatch First 

Get SALT Encoding   

  12  0:01  Drone  
  13  0:13  Overlord  
  13  0:17  Drone  
  14  0:34  Drone x2  
  16  0:37  Drone  
  17  0:45  Drone  
  18  0:57  Hatchery  
  18  1:00  Drone  
  18  1:04  Extractor  
  17  1:16  Spawning Pool  
  16  1:19  Drone  
  17  1:25  Drone  
  17  1:30  Drone  
  19  1:40  Overlord  
  19  2:03  Zergling x4, Queen  
  19  2:07  Metabolic Boost  
  23  2:11  Queen  
  25  2:16  Drone  
  25  2:17  Drone  
  27  2:25  Drone x2  
  29  2:33  Drone x2  
  31  2:41  Roach Warren  
  31  2:43  Zergling x4  
  32  2:57  Drone x2  
  34  3:03  Zergling x2  
  35  3:07  Overlord  
  35  3:24  Zergling x2  
  35  3:25  Queen, Drone  
  35  3:26  Drone x5  
  44  3:37  Overlord x2  
  44  3:52  Hatchery  
  41  3:57  Roach x2  
  41  3:58  Roach x4  
  53  4:07  Roach x2  
  56  4:14  Drone x3  
  58  4:27  Overlord, Drone  
  57  4:34  Overlord  
  55  4:43  Roach x2  
  59  4:46  Roach  
  59  4:47  Roach  
  59  4:49  Lair  
  59  4:50  Spine Crawler x2  
  61  4:55  Queen  
  61  4:59  Roach x2  
  67  5:06  Roach  
  55  5:15  Roach  
  53  5:22  Roach  
  55  5:34  Roach, Drone x2  
  55  5:35  Drone x3  
  62  5:38  Extractor  
  62  5:40  Extractor, Roach  
  58  5:46  Queen  
  58  5:47  Drone x2  
  58  5:48  Drone  
  63  6:06  Drone x3  
  63  6:07  Drone x3  
  63  6:10  Queen  
  71  6:11  Overlord  
  71  6:15  Drone  
  71  6:16  Drone x3  
  75  6:18  Glial Reconstitution  
  75  6:22  Spine Crawler  
  75  6:23  Drone x2  
  76  6:26  Extractor  
  75  6:34  Evolution Chamber  
  75  6:35  Drone x3, Evolution Chamber  
  75  6:37  Overlord  
  76  6:42  Roach x2  
  76  6:43  Drone  
  81  6:50  Drone x4  
  81  6:54  Extractor x2, Spine Crawler  
  84  6:55  Spine Crawler  
  84  6:58  Drone x2  
  81  7:03  Drone x2  
  81  7:07  Zerg Missile Weapons Level 1  
  81  7:08  Zerg Ground Armor Level 1  
  87  7:09  Roach x3  
  87  7:10  Queen  
  87  7:12  Overlord  
  87  7:13  Overseer  
  95  7:17  Overlord x2  
  95  7:20  Overlord  
  95  7:21  Drone  
  96  7:27  Overlord  
  96  7:33  Extractor  
  96  7:34  Infestation Pit  
  96  7:35  Drone x3  
  97  7:39  Roach x5  
  97  7:40  Roach  
  109  7:46  Drone x3  
  112  8:01  Roach x4  
  112  8:02  Roach x2  
  120  8:17  Overlord  
  116  8:26  Roach x6  
  114  8:30  Hatchery  
  114  8:34  Overlord  
  113  8:40  Spore Crawler  
  112  8:49  Roach x3  
  112  8:50  Roach  
  120  8:57  Infestor  
  120  9:01  Roach x2  
  120  9:02  Roach x2  
  130  9:05  Overlord x2, Roach  
  132  9:21  Spore Crawler  
  131  9:24  Overlord  
  131  9:28  Overlord  
  131  9:29  Overlord  
  131  9:31  Roach x2  
  135  9:37  Roach x2  
  139  9:42  Roach x2  
  139  9:45  Overlord x2  
  143  9:47  Roach x2  
  143  9:51  Spore Crawler  
  146  9:53  Overlord  
  146  10:04  Roach  
  146  10:05  Roach x5  
  146  10:06  Roach  
  160  10:11  Overlord  
  158  10:16  Hatchery  
  158  10:17  Ravager x2  
  158  10:18  Ravager x5  
  158  10:20  Roach x3  
  170  10:23  Roach  
  174  10:28  Roach x2  
  174  10:34  Roach x2  
  182  10:35  Roach  
  182  10:41  Overlord  
  180  10:44  Overlord  
  178  10:51  Overlord  
  178  10:52  Overlord  
  178  10:54  Overlord x2  
  178  10:55  Overlord  
  173  11:02  Roach x2  
  173  11:03  Roach x4  
  185  11:09  Overlord x2  
  185  11:26  Ravager x4  
  185  11:27  Ravager  
  185  11:32  Extractor  
  189  11:34  Drone x3  
  189  11:35  Drone x3  
  189  11:39  Roach x3  
  192  11:51  Roach x2  
  189  11:55  Roach x3  
  189  12:00  Roach  
  195  12:10  Infestation Pit  
  195  12:13  Drone  
  195  12:14  Drone x2  
  189  12:27  Drone x6  
  189  12:28  Drone x2  
  197  12:44  Spine Crawler  
  197  12:45  Spine Crawler x2  
  197  12:46  Spine Crawler  
Tags
 
Composition
MMM Bio
Matchup
TvZ
Add a new tag
Caveats
  • Supply blocks, unpowered buildings, or Contaminate may cause inaccurate times.
  • Supply counts are checked every 10 seconds.